 Dungeon Crawl Stone Soup version 0.24.0-7-gb3623d2c88 (webtiles) character file.

Game seed: 1496011866727314346, levelgen mode: classic

42 EnegeticOcto the Vandal (level 3, -5/25 HPs)
             Began as an Octopode Hunter on Nov 2, 2019.
             Slain by a centaur
             ... wielding a +0 mace
              (7 damage)
             ... on level 2 of the Dungeon.
             The game lasted 00:01:30 (1817 turns).

EnegeticOcto the Vandal (Octopode Hunter)           Turns: 1817, Time: 00:01:30

Health: -5/25      AC:  1    Str: 11    XL:     3   Next: 54%
Magic:  12/12      EV: 16    Int: 13    God:
Gold:   31         SH:  7    Dex: 18    Spells: 2/2 levels left

rFire    . . .     SeeInvis .   b - +0 short sword
rCold    . . .     Gourm    .   j - +0 shield
rNeg     . . .     Faith    .   (helmet restricted)
rPois    .         Spirit   .   (no amulet)
rElec    .         Reflect  .   l - ring of magical power
rCorr    .         Harm     .   (no ring)
MR       .....                  (no ring)
Stlth    ++++......             (no ring)
HPRegen  0.08/turn              (no ring)
MPRegen  0.13/turn              (no ring)
                                (no ring)
                                (no ring)

@: agile
A: almost no armour, stealthy swim, amphibious, 8 rings, constrict 8, camouflage
1, gelatinous body 1
a: no special abilities


You were on level 2 of the Dungeon.
You were not hungry.

You visited 1 branch of the dungeon, and saw 2 of its levels.

You collected 31 gold pieces.

Inventory:

Hand Weapons
 a - a +1 hunting sling
 b - a +0 short sword (weapon)
Missiles
 c - 93 sling bullets
 d - 87 stones (quivered)
Armour
 j - a +0 shield (worn)
Jewellery
 l - a ring of magical power (left tentacle)
Scrolls
 g - a scroll of immolation {unknown}
 h - 3 scrolls of identify {unknown}
 k - a scroll of magic mapping {unknown}
 m - a scroll of remove curse {unknown}
Comestibles
 e - 8 rations
 n - 6 chunks of flesh


   Skills:
 + Level 2.5 Fighting
 - Level 4.0 Slings
 + Level 2.6 Dodging
 + Level 2.7 Stealth
 * Level 1.0 Shields


You had 2 spell levels left.
You didn't know any spells.
Your spell library was empty.

Dungeon Overview and Level Annotations

Branches:
Dungeon (2/15)

Altars:


Innate Abilities, Weirdness & Mutations

You cannot wear most types of armour.
You are very stealthy in the water. (Stealth+)
You are amphibious.
You can wear up to eight rings at the same time.
You can use your tentacles to constrict eight enemies at once.
Your skin changes colour to match your surroundings (Stealth+).
Your rubbery body absorbs attacks. (AC +1, EV +1)


Message History

c - 93 sling bullets (gained 30)
Things that are here:
a +0 dagger; a goblin corpse You butcher the goblin corpse.
n - 4 chunks of flesh (gained 3)
Things that are here:
a +0 dagger; a goblin skeleton
Things that are here:
a +0 dagger; a goblin skeleton A rat comes into view.
A rat is nearby!
A rat is nearby!
A rat is nearby!
The rat closely misses you.
You barely miss the rat. You grab the rat. You constrict the rat.
You block the rat's attack. x2
You hit the rat.
You kill the rat!
No target in view!
No target in view!
You butcher the rat corpse.
n - 5 chunks of flesh (gained 1)
You see here a rat skeleton. x2
h - 3 scrolls labeled WASCHE NONYBE (gained 1)
e - 7 rations (gained 1)
A kobold comes into view. It is wielding a +0 club.
You are feeling hungry.
A kobold is nearby!
A kobold is nearby!
You hit the kobold. Your grab misses the kobold.
The kobold is severely wounded.
You block the kobold's attack.
You barely miss the kobold. Your grab misses the kobold.
The kobold is severely wounded.
The kobold hits you with a +0 club.
You closely miss the kobold. You grab the kobold.
The kobold is severely wounded.
You constrict the kobold, but do no damage.
The kobold hits you with a +0 club.
You completely miss the kobold.
The kobold is severely wounded.
You constrict the kobold.
You kill the kobold!
No target in view!
No target in view!
No target in view!
No target in view!
Eating one of 5 chunks of flesh.
You eat one of the 5 chunks of flesh.
This raw flesh tastes terrible.
You see here a +0 club.
e - 8 rations (gained 1)
i - 2 orange potions (gained 1)
A dart slug comes into view.
A dart slug is nearby!
A dart slug is nearby!
The helpless dart slug fails to defend itself.
You puncture the dart slug!
You kill the dart slug!
Your Shields skill increases to level 1!
No target in view!
No target in view!
No target in view!
You butcher the dart slug corpse.
n - 5 chunks of flesh (gained 1)
A bat comes into view.
Found a bubbling emerald potion.
A bat is nearby!
A bat is nearby!
Found a stone staircase leading up.
You hit the bat.
You kill the bat!
No target in view!
No target in view!
No target in view!
No target in view!
No target in view!
No target in view!
You butcher the bat corpse.
n - 6 chunks of flesh (gained 1)
You see here a bat skeleton. x2
A centaur comes into view. It is wielding a +0 mace.
The centaur moves out of view.
f - a bubbling emerald potion A centaur is nearby!
A centaur is nearby!
The centaur shouts!
The centaur hits you with a +0 mace!
Ouch! That really hurt!
It was a potion of agility.
You feel agile all of a sudden.
It was a potion of cancellation.
Your magical effects are unravelling.
You feel magically purged.
You feel a little less agile now. The centaur hits you with a +0 mace.
The centaur hits you with a +0 mace!
* * * LOW HITPOINT WARNING * * *
Really quaff
i - a potion of agility {@q5 !q}?
You feel agile all of a sudden. The centaur hits you with a +0 mace!
You die...

####.####.#.#
###...........#
.............. ###
######....<.....###
#.###.................#
...#....# ..........#
#......# #.##....#
#......####.##....#
..............รท#@##
#.##.######.####.c......
#.##.# #.# #.###..##
#.##.######.# #.# #
#..#........# #.#
#.......##### #.#
##.####.# #.. #.# #.#
#.. ^#. #.#


You could see a centaur.

Vanquished Creatures
  An adder (D:2)
  A worm (D:2)
  2 dart slugs
  A leopard gecko (D:1)
  5 goblins
  3 hobgoblins
  2 jackals (D:1)
  4 bats
  2 frilled lizards (D:1)
  2 kobolds
  2 rats
25 creatures vanquished.

Notes
Turn   | Place    | Note
-------+----------+-------------------------------------------
     0 | D:1      | EnegeticOcto the Octopode Hunter began the quest for the
                  | Orb.
     0 | D:1      | Reached XP level 1. HP: 14/14 MP: 1/1
   478 | D:1      | Reached XP level 2. HP: 16/19 MP: 2/2
  1555 | D:2      | Reached XP level 3. HP: 19/25 MP: 3/3
  1797 | D:2      | Reached skill level 1 in Shields
  1811 | D:2      | Noticed a centaur
  1817 | D:2      | Slain by a centaur

Levels and vault maps discovered:
D:1:      dpeg_arrival_short_road, layout_basic
D:2:      minmay_inner_zag, layout_loops_ring, overflow_temple_1_default,
          gammafunk_temple_overflow_pools, uniq_natasha

Skill      XL: |  1  2  3 |
---------------+----------+-----
Stealth        | 2 |  2.7
Shields        | 1 |  1.0
Fighting       | |  2.5
Slings         | |  4.0
Dodging        | |  2.6

Action                   || total
-------------------------++-------
Melee: Short sword       ||    55
       Constrict         ||    17
       Tentacles         ||     7
  Use: Potion            ||     3
 Stab: Sleeping          ||     2
  Eat: Chunk             ||     3
Armor: Skin              ||     5
Dodge: Dodged            ||    27
Block: Shield            ||     8
